[Event "Titled Tuesday Blitz April 4 Late 2023"]
[White "Fernandez Sanchez, Mario Andres"]
[Black "Senthilkumar, Pranav"]
[WhiteFideId "6501621"]
[BlackFideId "2083477"]
[WhiteElo "2050"]
[BlackElo "1860"]
[Result "1-0"]
[Round "04"]
[TimeControl "180+2"]
[Date "2023.04.04"]
[WhiteClock "0:00:27"]
[BlackClock "0:00:26"]

1. d4 Nf6 2. Bf4 d5 3. e3 c5 4. Nf3 Nc6 5. Nbd2 e6 6. c3 Bd6 7. Ne5 Bxe5 8. dxe5 Nd7 9. Nf3 f6 10. exf6 Nxf6 11. Bb5 O-O 12. Bxc6 bxc6 13. Ne5 Qe8 14. O-O Ba6 15. Re1 Rb8 16. Qc2 Rb6 17. b3 Nh5 18. Qd2 Rf5 19. c4 g5 20. Ng4 gxf4 21. Nh6+ Kg7 22. Nxf5+ exf5 23. exf4 Qf7 24. Re5 dxc4 25. Rae1 Rb7 26. Qd6 Rd7 27. Qxc5 Kg6 28. Qxc6+ Kg7 29. Qxa6 Nxf4 30. Qxc4 Nd3 31. Qxf7+ Kxf7 32. Kf1 Nxe1 33. Kxe1 Kf6 34. Ra5 Kg5 35. h3 Kf4 36. Ra4+ Ke5 37. Ke2 Rc7 38. Rc4 Rxc4 39. bxc4 Kd4 40. Kf3 Kxc4 41. Kf4 Kb4 42. Kxf5 Ka3 43. Ke6 Kxa2 44. f4 Kb3 45. f5 a5 46. f6 a4 47. f7 a3 48. f8=Q a2 49. Qb8+ Kc2 50. Qc7+ Kb1 51. Qb6+ Ka1 52. Qa5 Kb2 53. Qb4+ Kc2 54. Qa3 Kb1 55. Qb3+ Ka1 56. g4 h5 57. Qxa2+ Kxa2 58. gxh5 Kb3 59. h6 Kc3 60. h7 Kd3 61. h8=Q Ke3 62. Qf6 Ke4 63. h4 Ke3 64. h5 Ke4 65. h6 1-0


[Site "https://www.chess.com"]

[Event "Titled Tuesday Blitz April 4 Late 2023"]
[White "Vaglio Munoz, Jaime"]
[Black "Kalajzic, Ivan"]
[WhiteFideId "6500145"]
[BlackFideId "14506378"]
[WhiteElo "2199"]
[BlackElo "2203"]
[Result "0-1"]
[Round "04"]
[TimeControl "180+2"]
[Date "2023.04.04"]
[WhiteClock "0:00:01"]
[BlackClock "0:00:08"]

1. Nf3 Nc6 2. c4 e5 3. b3 g6 4. Bb2 Bg7 5. Nc3 Nge7 6. Nd5 O-O 7. g3 d6 8. Rb1 Nxd5 9. cxd5 Ne7 10. e4 h6 11. d4 Bg4 12. dxe5 dxe5 13. h3 Bxf3 14. Qxf3 f5 15. Bc4 Kh7 16. O-O fxe4 17. Qxe4 Nf5 18. h4 Nd6 19. Qe2 e4 20. h5 Bxb2 21. hxg6+ Kxg6 22. Qg4+ Qg5 23. Qxg5+ Kxg5 24. Rxb2 Rf3 25. Be2 Rc3 26. Kg2 Rf8 27. Rh1 Nf5 28. Rd2 e3 29. f4+ Kg6 30. Rb2 Rd8 31. Rd1 c5 32. dxc6 Rxd1 33. Bxd1 bxc6 34. Bc2 Kf6 35. Bxf5 Kxf5 36. Kf3 e2+ 37. Kf2 Rxg3 38. Rxe2 Kxf4 39. Rc2 Rg6 40. Rc4+ Ke5 41. Ra4 Rg7 42. Ke3 Kf5 43. Ra5+ Kg4 44. Ra4+ Kg3 45. Ra5 Rg5 46. Rxa7 h5 47. Rf7 h4 48. Rf3+ Kg2 49. Rf4 h3 50. Rh4 h2 51. Kd4 h1=Q 52. Rxh1 Kxh1 53. a4 Kg2 54. Kc4 Kf3 55. b4 Ke3 56. a5 Rg4+ 57. Kc5 Kd3 58. a6 Rg8 59. Kxc6 Kc4 60. b5 Rg6+ 61. Kb7 Kxb5 62. a7 Rg7+ 63. Kb8 Kb6 0-1


[Site "https://www.chess.com"]

[Event "Titled Tuesday Blitz April 4 Late 2023"]
[White "Moore, Nicholas"]
[Black "Vujcic, Milena"]
[WhiteFideId "4303709"]
[BlackFideId "954748"]
[WhiteElo "2443"]
[BlackElo "1882"]
[Result "1-0"]
[Round "04"]
[TimeControl "180+2"]
[Date "2023.04.04"]
[WhiteClock "0:00:23"]
[BlackClock "0:00:08"]

1. d4 Nf6 2. Nf3 d5 3. c4 e6 4. g3 c6 5. Bg2 Ne4 6. O-O Be7 7. Ne5 O-O 8. f3 Nd6 9. c5 Ne8 10. Nc3 f6 11. Nd3 Nd7 12. Nf4 Nc7 13. e4 e5 14. exd5 cxd5 15. Nfxd5 Nxd5 16. Nxd5 exd4 17. Nxe7+ Qxe7 18. b4 a5 19. Qxd4 axb4 20. Be3 Ne5 21. Rfe1 Rd8 22. Qe4 Qc7 23. f4 Ng4 24. Bd4 Ra4 25. c6 b3 26. Qd5+ Rxd5 27. Bxd5+ Kf8 28. Bc5+ 1-0


[Site "https://www.chess.com"]

[Event "Titled Tuesday Blitz April 4 Late 2023"]
[White "Vivas Zamora, Fabian Ernesto"]
[Black "Osmonbekov, Talaibek"]
[WhiteFideId "3902480"]
[BlackFideId "2017253"]
[WhiteElo "2262"]
[BlackElo "2135"]
[Result "0-1"]
[Round "04"]
[TimeControl "180+2"]
[Date "2023.04.04"]
[WhiteClock "0:00:02"]
[BlackClock "0:00:10"]

1. e4 c5 2. Nf3 d6 3. d4 cxd4 4. Nxd4 Nf6 5. Nc3 g6 6. Be3 Bg7 7. f3 O-O 8. Qd2 Nc6 9. O-O-O d5 10. Nxc6 bxc6 11. Bc4 e6 12. Bb3 Rb8 13. h4 Qc7 14. Bf4 e5 15. Bh6 d4 16. Na4 Nh5 17. Bxg7 Kxg7 18. g4 Nf4 19. h5 g5 20. h6+ Kh8 21. Nc5 Rb5 22. Nd3 c5 23. Nxf4 gxf4 24. Bc4 Rb4 25. Bd5 Be6 26. c3 Ra4 27. b3 Ra3 28. cxd4 Bxd5 29. exd5 cxd4+ 30. Kb2 Qd6 31. Rc1 Ra6 32. Rh5 Qxd5 33. Qxf4 f6 34. Qd2 Rb8 35. Qc2 Qa5 36. Qc8+ Qd8 37. Qxd8+ Rxd8 38. Rf5 Kg8 39. Rc7 d3 40. Kc1 d2+ 41. Kd1 Rxa2 42. Rxf6 Ra1+ 43. Ke2 d1=Q+ 44. Kf2 Qd2+ 45. Kg3 Rg1+ 46. Kh4 Qh2+ 47. Kg5 e4 48. Rg7+ Kh8 0-1


[Site "https://www.chess.com"]

[Event "Titled Tuesday Blitz April 4 Late 2023"]
[White "ritanovikova"]
[Black "Pein, Jonathan"]
[BlackFideId "417092"]
[WhiteElo "2211"]
[BlackElo "2151"]
[Result "0-1"]
[Round "04"]
[TimeControl "180+2"]
[Date "2023.04.04"]
[WhiteClock "0:00:06"]
[BlackClock "0:01:38"]

1. e4 e5 2. Nf3 d6 3. d4 exd4 4. Nxd4 Nf6 5. Nc3 g6 6. Bd3 Bg7 7. O-O O-O 8. h3 Re8 9. Bg5 h6 10. Bh4 Nbd7 11. Qd2 Nxe4 12. Bxe4 Qxh4 13. g3 Qxh3 14. Bg2 Qh5 15. Ndb5 Ne5 16. Nxc7 Bh3 17. Qf4 g5 18. Qb4 Nf3+ 19. Bxf3 Qxf3 0-1


[Site "https://www.chess.com"]

[Event "Titled Tuesday Blitz April 4 Late 2023"]
[White "marik_spb"]
[Black "Araujo, Everson De Moura"]
[BlackFideId "22737197"]
[WhiteElo "2400"]
[BlackElo "2035"]
[Result "1-0"]
[Round "04"]
[TimeControl "180+2"]
[Date "2023.04.04"]
[WhiteClock "0:01:34"]
[BlackClock "0:00:50"]

1. d4 d5 2. c4 e6 3. Nf3 Nf6 4. g3 Be7 5. Bg2 O-O 6. O-O dxc4 7. Ne5 Qd6 8. Nxc4 Qa6 9. Ne5 Rd8 10. Nc3 c5 11. e3 Nc6 12. Nxc6 bxc6 13. Qf3 cxd4 14. exd4 Rxd4 15. Qxc6 Qxc6 16. Bxc6 Rb8 17. Be3 Rc4 18. Bg2 Rxb2 19. Rfc1 Rcb4 20. Nd1 Ba6 21. Nxb2 Rxb2 22. Bxa7 h5 23. a4 Bd3 24. a5 Be4 25. Bd4 Rd2 26. Bxf6 Bxf6 27. Bxe4 Bxa1 28. Rc8+ 1-0


[Site "https://www.chess.com"]

[Event "Titled Tuesday Blitz April 4 Late 2023"]
[White "Rosenberg, Evan S"]
[Black "Gatterer, Florian"]
[WhiteFideId "2019299"]
[BlackFideId "811688"]
[WhiteElo "2191"]
[BlackElo "2221"]
[Result "1-0"]
[Round "04"]
[TimeControl "180+2"]
[Date "2023.04.04"]
[WhiteClock "0:00:15"]
[BlackClock "0:00:02"]

1. d4 d5 2. Nf3 Nf6 3. c3 c6 4. Qc2 Qc7 5. c4 dxc4 6. Qxc4 Bf5 7. g3 e6 8. Bg2 Nbd7 9. O-O Bd6 10. Nc3 O-O 11. Re1 Ne4 12. Be3 Nb6 13. Qb3 Nd5 14. Nxe4 Bxe4 15. Rac1 Nxe3 16. Qxe3 Bg6 17. a3 a5 18. Ne5 Qe7 19. Nxg6 hxg6 20. Qf3 Rfd8 21. e4 Bc7 22. d5 Be5 23. Qb3 c5 24. dxe6 fxe6 25. f4 Bd4+ 26. Kh1 Kh8 27. e5 Rab8 28. Be4 Qf7 29. Qf3 g5 30. Qg4 Kg8 31. Rf1 Rf8 32. Qh3 g6 33. fxg5 Qg7 34. Rf6 Bxe5 35. Qxe6+ Kh8 36. Qxe5 Rbe8 37. Qf4 Rxf6 38. gxf6 Qf7 39. Re1 Kg8 40. Kg2 1-0


[Site "https://www.chess.com"]

[Event "Titled Tuesday Blitz April 4 Late 2023"]
[White "Garrido, Denis"]
[Black "Srdanovic, Jovana"]
[WhiteFideId "601217"]
[BlackFideId "954810"]
[WhiteElo "2349"]
[BlackElo "2145"]
[Result "0-1"]
[Round "04"]
[TimeControl "180+2"]
[Date "2023.04.04"]
[WhiteClock "0:00:53"]
[BlackClock "0:00:33"]

1. e4 c6 2. d4 d5 3. e5 Bf5 4. h4 h5 5. Bd3 Bxd3 6. Qxd3 e6 7. Bg5 Qa5+ 8. Nd2 Qa6 9. c4 Be7 10. Ndf3 Qxc4 11. Qxc4 dxc4 12. Ne2 Bxg5 13. hxg5 Ne7 14. g4 g6 15. Nf4 Nd7 16. gxh5 gxh5 17. Ke2 O-O-O 18. Rxh5 Rxh5 19. Nxh5 Nf5 20. Rc1 b5 21. b3 cxb3 22. axb3 Kb7 23. Nf4 Nb6 24. g6 fxg6 25. Nxe6 Rd5 26. Kd3 Nd7 27. Ke4 Nb6 28. Nf8 Ne7 29. Rg1 a5 30. Nxg6 Nxg6 31. Rxg6 a4 32. bxa4 bxa4 33. e6 Nc8 34. Ne5 Nd6+ 35. Ke3 Nf5+ 36. Ke2 Nxd4+ 37. Ke3 Nf5+ 38. Ke4 Nd6+ 39. Kf4 a3 40. e7 Ne8 41. Kf5 Rd1 42. Rg3 a2 43. Rb3+ Kc7 44. Ra3 a1=Q 45. Rxa1 Rxa1 46. Ke6 0-1


[Site "https://www.chess.com"]

[Event "Titled Tuesday Blitz April 4 Late 2023"]
[White "Bongo Akanga Ndjila, Barthelemy"]
[Black "Rian, Kapriaga"]
[WhiteFideId "10609431"]
[BlackFideId "7103263"]
[WhiteElo "1768"]
[BlackElo "2322"]
[Result "0-1"]
[Round "04"]
[TimeControl "180+2"]
[Date "2023.04.04"]
[WhiteClock "0:00:06"]
[BlackClock "0:00:16"]

1. d4 Nf6 2. Nf3 d5 3. Bg5 e6 4. c4 Be7 5. Nc3 h6 6. Bxf6 Bxf6 7. e3 O-O 8. cxd5 exd5 9. h3 Bf5 10. Rc1 Re8 11. Bd3 Bxd3 12. Qxd3 c6 13. O-O Nd7 14. b4 a6 15. a4 b5 16. a5 Be7 17. Rb1 Bd6 18. Rfc1 Nf6 19. Ne2 Rc8 20. Ng3 g6 21. Ne2 Qe7 22. Nh4 Ne4 23. Nf3 Bxb4 24. Ne5 Bxa5 25. Nxc6 Qc7 26. Ne5 Qd6 27. Ra1 Bc7 28. Rc6 Qe7 29. f3 Bxe5 30. Rxc8 Rxc8 31. fxe4 dxe4 32. Qb3 Bb8 33. Rxa6 Qg5 34. Kf1 b4 0-1


[Site "https://www.chess.com"]

[Event "Titled Tuesday Blitz April 4 Late 2023"]
[White "Muhammad, Shahzeb"]
[Black "Barria Santos, Jose Guilherme"]
[WhiteFideId "7804806"]
[BlackFideId "1939300"]
[WhiteElo "1902"]
[BlackElo "2266"]
[Result "0-1"]
[Round "04"]
[TimeControl "180+2"]
[Date "2023.04.04"]
[WhiteClock "0:00:01"]
[BlackClock "0:00:16"]

1. c4 Nf6 2. Nc3 g6 3. b3 Bg7 4. Bb2 O-O 5. Nd5 Nxd5 6. Bxg7 Ne3 7. dxe3 Kxg7 8. h4 h5 9. g3 b6 10. Bg2 Nc6 11. Qd2 Bb7 12. Rd1 d6 13. Nh3 a5 14. Nf4 Qc8 15. Bd5 e6 16. Qb2+ Kg8 17. Bf3 Ne5 18. e4 a4 19. O-O Ra7 20. Bg2 Qa8 21. f3 axb3 22. axb3 Ra2 23. Qd4 Qa3 24. Rb1 Ra8 25. Bh3 Nc6 26. Qf6 Qc5+ 27. Kh1 Qe5 28. Qxe5 dxe5 29. Nd3 Rxe2 30. Rfe1 Raa2 31. Rxe2 Rxe2 32. b4 Nd4 33. Nxe5 Kg7 34. Rd1 Nc6 0-1


[Site "https://www.chess.com"]

[Event "Titled Tuesday Blitz April 4 Late 2023"]
[White "Zaloznyy, Mike"]
[Black "Matute Escobar, Roxanny"]
[WhiteFideId "2023075"]
[BlackFideId "3926028"]
[WhiteElo "2073"]
[BlackElo "1844"]
[Result "1-0"]
[Round "04"]
[TimeControl "180+2"]
[Date "2023.04.04"]
[WhiteClock "0:00:11"]
[BlackClock "0:00:12"]

1. Nf3 Nf6 2. g3 g6 3. Bg2 Bg7 4. b3 O-O 5. Bb2 c5 6. c4 Nc6 7. O-O d6 8. d4 cxd4 9. Nxd4 Nxd4 10. Qxd4 Rb8 11. Nc3 a6 12. Rad1 b5 13. cxb5 axb5 14. Qh4 Bf5 15. Nd5 Nxd5 16. Bxg7 Kxg7 17. Rxd5 Qd7 18. e4 Be6 19. Rd2 Rfc8 20. Rfd1 Qa7 21. Qf4 b4 22. h4 h5 23. e5 dxe5 24. Qxe5+ Kh7 25. Bd5 Bg4 26. Re1 e6 27. Bc4 Rd8 28. Rxd8 Rxd8 29. Qf6 Rd2 30. Bxe6 Bxe6 31. g4 Bxg4 32. Re7 Rd1+ 33. Kg2 Qa8+ 34. f3 Bxf3+ 35. Kf2 Rd2+ 36. Kf1 Bg2+ 37. Kg1 Bd5 38. Rxf7+ Bxf7 39. Qxf7+ Kh8 40. Qf6+ Kh7 41. Qf7+ Kh8 42. Qf6+ Kg8 43. Qxg6+ Kf8 44. Qh6+ Ke8 45. Qxd2 Qa7+ 46. Qf2 Qa6 47. Kg2 Qg6+ 48. Qg3 Qc2+ 49. Qf2 Qg6+ 50. Kf1 Qa6+ 51. Qe2+ Qxe2+ 52. Kxe2 Ke7 53. Kd3 Kd6 54. Kc4 Kc6 55. Kxb4 Kb6 56. a4 Ka6 57. a5 1-0


[Site "https://www.chess.com"]

[Event "Titled Tuesday Blitz April 4 Late 2023"]
[White "Jiganchine, Roman"]
[Black "Winkels, Marcel"]
[WhiteFideId "2603667"]
[BlackFideId "1003887"]
[WhiteElo "2302"]
[BlackElo "1900"]
[Result "1/2-1/2"]
[Round "04"]
[TimeControl "180+2"]
[Date "2023.04.04"]
[WhiteClock "0:00:09"]
[BlackClock "0:00:03"]

1. e4 c5 2. Nf3 e6 3. g3 Nc6 4. Bg2 g6 5. O-O Bg7 6. c3 Nge7 7. d4 cxd4 8. cxd4 d5 9. exd5 exd5 10. Nc3 O-O 11. h3 h6 12. Bf4 Be6 13. Re1 Nf5 14. Ne5 Nfxd4 15. Nxc6 Nxc6 16. Nxd5 Rc8 17. Nc7 Qxd1 18. Raxd1 Bxa2 19. Ra1 Bc4 20. Bxc6 bxc6 21. Rxa7 g5 22. Be5 Bxe5 23. Rxe5 Rb8 24. Rc5 Be2 25. Rc2 Bf3 26. g4 Rfd8 27. Kh2 Rd7 28. Kg3 Bh1 29. Kh2 Be4 30. Re2 Bg6 31. Nb5 Rxa7 32. Nxa7 c5 33. Nc6 Rb7 34. Ne7+ Kg7 35. Nxg6 Kxg6 36. Rc2 Rb5 37. Kg2 Kf6 38. Re2 Rb3 39. f3 c4 40. Kg3 c3 41. bxc3 Rxc3 42. Ra2 Rd3 43. Ra6+ Kg7 44. Rb6 Ra3 45. Rc6 Rd3 46. Rb6 Rc3 47. Ra6 Rd3 48. Rb6 1/2-1/2


[Site "https://www.chess.com"]

[Event "Titled Tuesday Blitz April 4 Late 2023"]
[White "Pirvulescu, Ekaterina"]
[Black "Fajdetic, Hrvoje"]
[WhiteFideId "13506374"]
[BlackFideId "14501945"]
[WhiteElo "2006"]
[BlackElo "2185"]
[Result "1-0"]
[Round "04"]
[TimeControl "180+2"]
[Date "2023.04.04"]
[WhiteClock "0:00:08"]
[BlackClock "0:00:01"]

1. c4 d6 2. Nf3 Nd7 3. Nc3 e5 4. d3 f5 5. g3 Ngf6 6. Bg2 Be7 7. O-O O-O 8. h3 Qe8 9. Rb1 a5 10. a3 Qh5 11. Nh2 Nc5 12. Nd5 Bd8 13. b4 axb4 14. axb4 Ne6 15. b5 Nd4 16. e3 Ne2+ 17. Kh1 Ra5 18. Nxf6+ Bxf6 19. g4 fxg4 20. Qxe2 Bh4 21. hxg4 Qg6 22. Kg1 h6 23. e4 Kh8 24. Be3 Bg5 25. Ra1 Rxa1 26. Rxa1 Bxe3 27. fxe3 Kh7 28. Rf1 Rxf1+ 29. Kxf1 Bd7 30. Kg1 c6 31. bxc6 bxc6 32. Qf3 Qg5 33. Kf2 Be6 34. Bh3 Qh4+ 35. Qg3 Qf6+ 36. Nf3 Qd8 37. Qh4 Qa5 38. Qe7 Qa2+ 39. Kg3 Bg8 40. Qxd6 Qa1 41. Qxe5 Qc1 42. Qf5+ Kh8 43. Kf4 c5 44. Ne5 1-0


[Site "https://www.chess.com"]

[Event "Titled Tuesday Blitz April 4 Late 2023"]
[White "Kohler, Aran"]
[Black "Levine, David"]
[WhiteFideId "1002856"]
[BlackFideId "2011611"]
[WhiteElo "2291"]
[BlackElo "2084"]
[Result "1-0"]
[Round "04"]
[TimeControl "180+2"]
[Date "2023.04.04"]
[WhiteClock "0:00:27"]
[BlackClock "0:00:02"]

1. d4 d5 2. Nf3 Nf6 3. Bg5 Ne4 4. Bf4 c5 5. c3 cxd4 6. Nxd4 Nc6 7. e3 Qb6 8. Qb3 Qxb3 9. axb3 Nxd4 10. exd4 e6 11. f3 Bd6 12. Bb5+ Bd7 13. Bxd7+ Kxd7 14. fxe4 Bxf4 15. Rf1 Bxh2 16. Rxf7+ Kc6 17. exd5+ exd5 18. Nd2 Bg3+ 19. Kd1 g5 20. Rf6+ Kc7 21. Rf5 Bf4 22. Nf3 a6 23. Rxd5 g4 24. Ne5 Bxe5 25. Rxe5 Raf8 26. Ke2 g3 27. Rf1 Rxf1 28. Kxf1 Rf8+ 29. Ke1 Rf2 30. Re2 Rf6 31. Kd2 Kd6 32. Kd3 b5 33. c4 h5 34. c5+ Kc6 35. b4 h4 36. Re5 Rf2 37. d5+ Kd7 38. Rh5 1-0


[Site "https://www.chess.com"]

[Event "Titled Tuesday Blitz April 4 Late 2023"]
[White "Tsyhanchuk, Stanislav"]
[Black "Hartikainen, Jarmo"]
[WhiteFideId "13505130"]
[BlackFideId "503134"]
[WhiteElo "2173"]
[BlackElo "2059"]
[Result "1-0"]
[Round "04"]
[TimeControl "180+2"]
[Date "2023.04.04"]
[WhiteClock "0:00:51"]
[BlackClock "0:00:03"]

1. c4 Nf6 2. Nc3 g6 3. e4 d6 4. d4 Bg7 5. f4 O-O 6. Nf3 c5 7. d5 e6 8. Be2 exd5 9. exd5 a6 10. O-O b5 11. cxb5 axb5 12. Bxb5 Ba6 13. Bxa6 Nxa6 14. f5 Qb6 15. Kh1 Nb4 16. a3 Qb7 17. fxg6 hxg6 18. Ng5 Nbxd5 19. Qf3 Rab8 20. Nxd5 Qxd5 21. Qh3 Rfe8 22. Be3 Rxe3 23. Qxe3 Rxb2 24. Nf3 Qe4 25. Qxe4 Nxe4 26. Rab1 c4 27. Rxb2 Bxb2 28. a4 c3 29. Nd4 Nc5 30. a5 Ba3 31. Nc2 Bb2 32. Rf4 Na6 33. Rc4 Kg7 34. Rc6 Nb8 35. Rb6 Nd7 36. Rxd6 Nc5 37. a6 Ne4 38. a7 1-0


[Site "https://www.chess.com"]

[Event "Titled Tuesday Blitz April 4 Late 2023"]
[White "Erigaisi Arjun"]
[Black "Martinez Alcantara, Jose Eduardo"]
[WhiteFideId "35009192"]
[BlackFideId "3805662"]
[WhiteElo "2737"]
[BlackElo "2711"]
[Result "1-0"]
[Round "05"]
[TimeControl "180+2"]
[Date "2023.04.04"]
[WhiteClock "0:01:00"]
[BlackClock "0:00:58"]

1. c4 c5 2. Nc3 Nc6 3. g3 g6 4. Bg2 Bg7 5. d3 d6 6. Qd2 e6 7. b3 Nge7 8. Bb2 O-O 9. e3 d5 10. Nge2 b6 11. h4 Bb7 12. h5 Qd7 13. O-O-O d4 14. exd4 cxd4 15. Ne4 e5 16. hxg6 fxg6 17. Bh3 Nf5 18. Kb1 Nce7 19. f4 Qc7 20. Rh2 Rae8 21. Ng5 Qd6 22. Nxh7 Kxh7 23. Bg2+ Kg8 24. Bxb7 Ne3 25. Rdh1 N7f5 26. g4 Nxg4 27. Bd5+ Rf7 28. Rh7 Nge3 29. fxe5 Qxe5 30. Bxf7+ Kxf7 31. Nc1 Kg8 32. Qf2 b5 33. Qf3 bxc4 34. dxc4 Qg3 35. Rxg7+ Kxg7 36. Bxd4+ Kf7 37. Rh7+ Ke6 38. Qe4+ 1-0


[Site "https://www.chess.com"]

[Event "Titled Tuesday Blitz April 4 Late 2023"]
[White "Duda, Jan-Krzysztof"]
[Black "Kollars, Dmitrij"]
[WhiteFideId "1170546"]
[BlackFideId "12909572"]
[WhiteElo "2790"]
[BlackElo "2584"]
[Result "0-1"]
[Round "05"]
[TimeControl "180+2"]
[Date "2023.04.04"]
[WhiteClock "0:00:03"]
[BlackClock "0:00:05"]

1. d4 Nf6 2. c4 e6 3. Nf3 d5 4. g3 Bb4+ 5. Bd2 a5 6. Bg2 O-O 7. O-O dxc4 8. Qc2 Bxd2 9. Nbxd2 b5 10. a4 c6 11. b3 cxb3 12. Nxb3 Ba6 13. Rfc1 bxa4 14. Rxa4 Bb5 15. Ra3 Nbd7 16. e3 a4 17. Nc5 Nxc5 18. Qxc5 Nd7 19. Qb4 Qa5 20. Qxa5 Rxa5 21. Nd2 Ra6 22. Ne4 Rb8 23. h4 Kf8 24. g4 Ke7 25. Kh2 h6 26. Kg3 e5 27. dxe5 Nxe5 28. Nc5 Ra7 29. Rca1 Nc4 30. Rc3 a3 31. Be4 Rba8 32. Ra2 Nd6 33. Bc2 Bc4 34. Bb3 Bxb3 35. Rxb3 Nb5 36. Ne4 Ra4 37. Nc3 Nxc3 38. Rxc3 Kd6 39. g5 hxg5 40. hxg5 c5 41. Kf3 c4 42. Rc1 Kc5 43. Ke4 Rb4 44. Rca1 Rb3 45. Kf5 Kb4 46. g6 Ra5+ 47. Ke4 fxg6 48. Kd4 Rd3+ 49. Ke4 Rb3 50. Rd2 Rb2 51. Rd7 a2 52. Rxg7 Kc3 0-1


[Site "https://www.chess.com"]

[Event "Titled Tuesday Blitz April 4 Late 2023"]
[White "Indjic, Aleksandar"]
[Black "Fedoseev, Vladimir"]
[WhiteFideId "911925"]
[BlackFideId "24130737"]
[WhiteElo "2614"]
[BlackElo "2752"]
[Result "1-0"]
[Round "05"]
[TimeControl "180+2"]
[Date "2023.04.04"]
[WhiteClock "0:00:11"]
[BlackClock "0:00:08"]

1. d4 g6 2. e4 Bg7 3. Nc3 d6 4. Be3 a6 5. g4 e5 6. dxe5 Bxe5 7. h3 Nc6 8. Nge2 g5 9. Qd2 h5 10. Bxg5 f6 11. Be3 hxg4 12. O-O-O Nge7 13. Rg1 f5 14. exf5 gxh3 15. f6 Bxf6 16. Ne4 Be5 17. f4 h2 18. Rh1 Bg7 19. N2g3 Nf5 20. Bc4 Nxg3 21. Nxg3 Qf6 22. c3 Bg4 23. Rde1 O-O-O 24. Rxh2 Rxh2 25. Qxh2 d5 26. Bb3 d4 27. Ne4 Qg6 28. Bd2 dxc3 29. Bxc3 Bxc3 30. bxc3 Bf5 31. Bc2 Kb8 32. Ng5 Bxc2 33. Qxc2 Qf6 34. Re4 Rd6 35. Kb2 Ka7 36. Qf2+ b6 37. Qe2 Qf5 38. Ne6 Kb7 39. a4 Qd5 40. Nd4 Na5 41. Re8 Nc4+ 42. Kc2 Na3+ 43. Kb2 Nc4+ 44. Kc2 Rh6 45. Qe4 Rh2+ 46. Kc1 Qxe4 47. Rxe4 Rf2 48. Ne6 Nd6 49. Re5 c5 50. a5 Nc4 51. Re4 Nxa5 52. Kd1 Kc6 53. Ke1 Rh2 54. f5 Kd5 55. Re3 Rh1+ 56. Ke2 Nc4 57. Nf4+ Kd6 58. Re6+ Kd7 59. Nd5 Rh2+ 60. Kf3 Rh3+ 61. Kg4 Rd3 62. Nxb6+ Nxb6 63. Rxb6 Rxc3 64. Rxa6 c4 65. f6 Rc1 66. Kf3 c3 67. Ke2 Ke8 68. Kd3 Kf7 69. Rc6 Rf1 70. Kc2 Rf3 71. Rxc3 Kxf6 72. Rxf3+ Ke5 73. Rd3 Ke4 74. Kd2 1-0


[Site "https://www.chess.com"]

[Event "Titled Tuesday Blitz April 4 Late 2023"]
[White "Zhigalko, Sergei"]
[Black "Sadhwani, Raunak"]
[WhiteFideId "13502956"]
[BlackFideId "35093487"]
[WhiteElo "2626"]
[BlackElo "2631"]
[Result "0-1"]
[Round "05"]
[TimeControl "180+2"]
[Date "2023.04.04"]
[WhiteClock "0:00:04"]
[BlackClock "0:00:04"]

1. e4 e5 2. Nf3 Nc6 3. Bb5 Nge7 4. O-O Ng6 5. c3 a6 6. Ba4 d5 7. d3 Be7 8. Re1 O-O 9. Nbd2 b5 10. Bb3 Be6 11. Nf1 Na5 12. Bc2 c5 13. exd5 Qxd5 14. d4 Rad8 15. Bxg6 hxg6 16. Rxe5 Qd7 17. Re1 Bd5 18. dxc5 Nc6 19. Be3 Rfe8 20. N1d2 a5 21. h3 Qa7 22. Qe2 Qb7 23. Bd4 a4 24. a3 Qb8 25. Qf1 Bf8 26. Rxe8 Rxe8 27. Re1 Rd8 28. Re3 Qb7 29. Qe2 f6 30. Re8 Bf7 31. Rxd8 Nxd8 32. Ne4 Bc4 33. Qe3 Qc6 34. Qf4 Ne6 35. Qe3 Nc7 36. Nd6 Bxd6 37. cxd6 Qxd6 38. Nd2 Ne6 39. Ne4 Qd5 40. f3 Qf5 41. Kf2 Qh5 42. Kg3 Qf5 43. Nd6 Qd5 44. Nxc4 bxc4 45. Qe4 Qd6+ 46. Kf2 Qd7 47. Be3 f5 48. Qxc4 Kh7 49. Qxa4 Qxa4 50. g4 Qb3 51. h4 f4 0-1


[Site "https://www.chess.com"]

[Event "Titled Tuesday Blitz April 4 Late 2023"]
[White "Maghsoodloo, Parham"]
[Black "Makarian, Rudik"]
[WhiteFideId "12539929"]
[BlackFideId "44105681"]
[WhiteElo "2647"]
[BlackElo "2430"]
[Result "1-0"]
[Round "05"]
[TimeControl "180+2"]
[Date "2023.04.04"]
[WhiteClock "0:00:10"]
[BlackClock "0:00:01"]

1. d4 Nf6 2. c4 g6 3. f3 Bg7 4. e4 d6 5. Nc3 O-O 6. Be3 a6 7. Qd2 Nbd7 8. Nge2 b5 9. Nc1 c6 10. Nb3 bxc4 11. Bxc4 d5 12. exd5 Nb6 13. Be2 Nfxd5 14. Bh6 Nxc3 15. bxc3 Qd6 16. Bxg7 Kxg7 17. f4 Be6 18. Nc5 Nd7 19. Nxe6+ Qxe6 20. O-O Qd6 21. Bf3 Rab8 22. f5 Rb5 23. Be2 Rb6 24. Rae1 Nf6 25. Bc4 c5 26. Qe3 cxd4 27. cxd4 Rb7 28. Qe5 Qb6 29. Kh1 Rd7 30. Rd1 Rfd8 31. Bb3 Rxd4 32. Rxd4 Qxd4 33. Qxe7 Rd7 34. Qe1 g5 35. h3 h6 36. Rf3 Rc7 37. Re3 Qf4 38. Rf3 Rc1 39. Bd1 Qd4 40. Rf1 Ne4 41. Kh2 Qd6+ 42. g3 Nf6 43. Qe2 Rc3 44. Qg2 Rd3 45. Bf3 a5 46. Rf2 a4 47. Qf1 a3 48. Kg2 Qd4 49. Qc1 Rc3 50. Qd2 Qc4 51. Qd6 h5 52. Qe5 g4 53. hxg4 hxg4 54. Bd1 Qd3 55. Bxg4 1-0


[Site "https://www.chess.com"]

[Event "Titled Tuesday Blitz April 4 Late 2023"]
[White "Beerdsen, Thomas"]
[Black "Vidit, Santosh Gujrathi"]
[WhiteFideId "1030108"]
[BlackFideId "5029465"]
[WhiteElo "2547"]
[BlackElo "2651"]
[Result "1-0"]
[Round "05"]
[TimeControl "180+2"]
[Date "2023.04.04"]
[WhiteClock "0:01:25"]
[BlackClock "0:00:24"]

1. e4 c5 2. Nf3 d6 3. d4 cxd4 4. Nxd4 Nf6 5. Nc3 a6 6. Rg1 g6 7. g4 Bg7 8. Be3 Nc6 9. Be2 O-O 10. h4 Qa5 11. Nb3 Qc7 12. g5 Nd7 13. h5 b5 14. Rh1 e6 15. Qd2 Nb6 16. f4 Rd8 17. Bd3 b4 18. Nd1 a5 19. Qh2 a4 20. Nd2 a3 21. Rb1 axb2 22. Nxb2 Nd4 23. hxg6 hxg6 24. Bxd4 Bxd4 25. e5 Kf8 26. Qh8+ Ke7 27. Qf6+ Kd7 28. Bb5+ 1-0


[Site "https://www.chess.com"]

[Event "Titled Tuesday Blitz April 4 Late 2023"]
[White "Klukin, Kirill"]
[Black "Naroditsky, Daniel"]
[WhiteFideId "24199273"]
[BlackFideId "2026961"]
[WhiteElo "2344"]
[BlackElo "2633"]
[Result "0-1"]
[Round "05"]
[TimeControl "180+2"]
[Date "2023.04.04"]
[WhiteClock "0:01:47"]
[BlackClock "0:00:41"]

1. d4 Nf6 2. Nf3 g6 3. e3 Bg7 4. Be2 O-O 5. O-O d6 6. c4 Nbd7 7. Nc3 e5 8. Qc2 Re8 9. b4 e4 10. Nd2 Qe7 11. Bb2 Nf8 12. Rfc1 Bf5 13. a4 Ne6 14. Qd1 h5 15. a5 a6 16. b5 Ng5 17. bxa6 bxa6 18. h4 Ngh7 19. Nd5 Qd8 20. g3 Nxd5 21. cxd5 g5 22. hxg5 Qxg5 23. Bxh5 Nf6 24. Be2 Nxd5 25. Rc6 Nxe3 26. fxe3 Qxg3+ 27. Kh1 Re6 28. Nf1 Rh6+ 29. Bh5 Qh3+ 30. Nh2 Rxh5 31. Rc2 Bg4 0-1


[Site "https://www.chess.com"]